 Dungeon Crawl Stone Soup version 0.22.1-2-g9c5b331 (webtiles) character file.

206 WarriorsX the Skirmisher (level 6, -1/76 HPs)
             Began as a Human Berserker on Dec 12, 2018.
             Was a Believer of Trog.
             Killed by divine providence
             ... invoked by an orc priest
              (14 damage)
             ... on level 3 of the Dungeon.
             The game lasted 00:06:01 (2319 turns).

WarriorsX the Skirmisher (Human Berserker)          Turns: 2319, Time: 00:06:02

Health: -1/76      AC: 11    Str: 24    XL:     6   Next: 10%
Magic:  6/6        EV:  8    Int:  8    God:    Trog [**....]
Gold:   162        SH:  0    Dex: 17    Spells: 5/5 levels left

rFire    . . .     SeeInvis .   k - +2 war axe (flame)
rCold    . . .     Gourm    .   (no shield)
rNeg     . . .     Faith    .   f - +0 plate armour
rPois    .         Spirit   .   (no helmet)
rElec    .         Reflect  .   (no cloak)
rCorr    .         Harm     .   (no gloves)
MR       .....                  (no boots)
Stlth    ..........             (no amulet)
HPRegen  0.22/turn              d - +5 ring of dexterity
MPRegen  0.10/turn              (no ring)

@: berserking, very quick
A: no striking features
a: Berserk, Trog's Hand, Renounce Religion


You were on level 3 of the Dungeon.
You worshipped Trog.
Trog was pleased with you.
You were very hungry.

You visited 1 branch of the dungeon, and saw 3 of its levels.

You collected 162 gold pieces.

Inventory:

Hand Weapons
 k - a +2 war axe of flaming (weapon)
Armour
 f - a +0 plate armour (worn)
Jewellery
 d - a +5 ring of dexterity (left hand)
Wands
 l - a wand of flame (16)
Scrolls
 b - 3 scrolls of identify
 h - a scroll of fog {unknown}
 j - 3 scrolls of teleportation {unknown}
Potions
 e - 2 potions of magic {unknown}
 g - 2 potions of degeneration {unknown}
 i - a potion of flight {unknown}
 m - a potion of curing {unknown}
Comestibles
 c - 5 rations


   Skills:
 - Level 5.0 Fighting
 - Level 3.0 Axes
 + Level 4.2 Armour
 - Level 2.0 Dodging


You had 5 spell levels left.
You didn't know any spells.
Your spell library was empty.

Dungeon Overview and Level Annotations

Branches:
Dungeon (3/15)

Altars:


Message History

The jackal bites you.
The jackal bites you but does no damage.
The orc priest looks braver for a moment.
You slash the jackal! You burn the jackal.
You kill the jackal!
Trog accepts your kill.
You hit the orc priest. You burn the orc priest.
The orc priest is lightly wounded.
The orc priest invokes the aid of Beogh against you.
Pain shoots through your body!
* * * LOW HITPOINT WARNING * * *
You hit the orc priest. You burn the orc priest.
The orc priest is moderately wounded.
The orc priest hits you but does no damage.
A red film seems to cover your vision as you go berserk!
You feel yourself moving faster!
You feel mighty!
You are feeling very hungry.
The orc priest calls down the wrath of Beogh upon you.
Beogh smites you!
You die...

..#....#
..#....# #####
..#<... #...#
.....# #...#
...#.# #...#
.....# #...#
..#.## ##...#
..#.# #....#
.†[.# #.##@#
##..# #.##o#
##..# #.##h#
##..# ####.##o.
##..#
##(...###..
##..#####..####
#.. ##....##.##
... #.##....##
.#.#
###.##.....#
...


You could see an orc priest, an orc and a jackal.

Vanquished Creatures
  An orc priest (D:3)
  Terence (D:2)
  Natasha (twice) (D:2)
  4 gnolls
  An adder (D:2)
  An ooze (D:2)
  A worm (D:3)
  A leopard gecko (D:3)
  7 orcs (D:3)
  7 bats
  A goblin (D:2)
  2 hobgoblins
  6 jackals (D:3)
  A ball python (D:2)
  2 frilled lizards
  5 kobolds
  5 rats
48 creatures vanquished.

Notes
Turn   | Place    | Note
-------+----------+-------------------------------------------
     0 | D:1      | WarriorsX the Human Berserker began the quest for the Orb.
     0 | D:1      | Reached XP level 1. HP: 18/18 MP: 1/1
  1113 | D:2      | Reached XP level 2. HP: 24/24 MP: 2/2
  1157 | D:2      | Noticed Natasha
  1166 | D:2      | Killed Natasha
  1166 | D:2      | Reached skill level 4 in Fighting
  1166 | D:2      | Reached XP level 3. HP: 30/30 MP: 3/3
  1278 | D:2      | Noticed Terence
  1290 | D:2      | Killed Terence
  1290 | D:2      | Reached XP level 4. HP: 38/38 MP: 4/4
  1475 | D:2      | Reached skill level 5 in Fighting
  1762 | D:2      | Noticed Natasha
  1832 | D:2      | Killed Natasha
  1832 | D:2      | Reached XP level 5. HP: 41/44 MP: 5/5
  2141 | D:3      | Reached ** piety under Trog
  2300 | D:3      | Reached XP level 6. HP: 38/51 MP: 6/6
  2319 | D:3      | Killed from afar by an orc priest

Skill      XL: |  1  2  3  4  5 |
---------------+----------------+-----
Fighting       | 4 5 |  5.0
Armour         | 4 |  4.2
Axes           | |  3.0
Dodging        | |  2.0

Action                   |  1- 3 |  4- 6 || total
-------------------------+-------+-------++-------
Melee: Hand axe          |    44 |    98 ||   142
       War axe           |       |    33 ||    33
Invok: Berserk           |     2 |     1 ||     3
  Use: Scroll            |     3 |       ||     3
       Potion            |     2 |       ||     2
  Eat: Chunk             |     2 |     4 ||     6
Armor: Plate armour      |    34 |   118 ||   152
       Animal skin       |     1 |       ||     1
Dodge: Dodged            |    16 |    51 ||    67
